 Dungeon Crawl Stone Soup version 0.29.1-1-gd02db6906a (webtiles) character file.

Game seed: 15560383079742496699

487 snonkTrekker the Covered (level 7, -1/44 HPs)
             Began as a Gargoyle Fighter on Oct 4, 2022.
             Shot with an arrow by a centaur (4 damage)
             ... on level 5 of the Dungeon.
             The game lasted 00:14:21 (4418 turns).

snonkTrekker the Covered (Gargoyle Fighter)         Turns: 4418, Time: 00:14:22

Health: -1/44      AC: 16    Str: 20    XL:     7   Next: 13%
Magic:  7/7        EV:  7    Int:  8    God:
Gold:   128        SH:  5    Dex: 11    Spells: 6/6 levels left

rFire   + . .      SeeInvis .   a - +0 long sword {yo jarr}
rCold   + . .      Faith    .   c - +0 buckler
rNeg    + . .      Spirit   .   l - +2 chain mail {rF+}
rPois   ∞          Reflect  .   (no helmet)
rElec   +          Harm     .   (no cloak)
rCorr   .          Rampage  .   (no gloves)
Will    .....                   (no boots)
Stlth   ..........              (no amulet)
HPRegen 0.14/turn               (no ring)
MPRegen 0.10/turn               (no ring)

@: no status effects
A: sickness immunity, AC +4, negative energy resistance 1, electricity
resistance, torment resistance 1, petrification resistance, cold resistance 1
a: no special abilities


You were on level 5 of the Dungeon.
You visited 1 branch of the dungeon, and saw 7 of its levels.

You collected 128 gold pieces.

Inventory:

Hand Weapons
 a - a +0 long sword (weapon) {yo jarr}
 g - a +0 falchion
Missiles
 h - 25 stones (quivered)
 j - 3 boomerangs
Armour
 c - a +0 buckler (worn)
 l - a +2 chain mail of fire resistance (worn)
Jewellery
 i - a ring of ice
 n - a ring of wizardry
 r - a ring of see invisible
Wands
 k - a wand of flame (35)
Scrolls
 p - 3 scrolls of identify
Potions
 f - a potion of cancellation
 m - a potion of lignification


   Skills:
 + Level 4.8 Fighting
 * Level 4.5 Long Blades
 + Level 4.8 Armour
 + Level 4.8 Shields


You had 6 spell levels left.
You didn't know any spells.
Your spell library contained the following spells:

 Spells                   Type           Power      Damage    Failure   Level
 Summon Lightning Spire   Summ/Air       0%         N/A       100%        4
 Storm Form               Tmut/Air       0%         N/A       100%        7
 Maxwell's Capacitive Co  Air            0%         ∞         100%        8


Dungeon Overview and Level Annotations

Branches:
Dungeon (7/15)
 Temple: D:4-7

Altars:
Cheibriados
Fedhas

Shops:
D:4 =

Annotations:
D:4 ring$


Innate Abilities, Weirdness & Mutations

You are immune to sickness and miasma.
Your stone body is resilient. (AC +4)
You are immune to poison.
You resist negative energy. (rN+)
You are resistant to electric shocks. (rElec)
You are resistant to unholy torment.
You are immune to petrification.
Your flesh is cold resistant. (rC+)


Message History

The howler monkey howls!
The scorpion stings you but does no damage.
The scorpion attacks as you move away!
The scorpion stings you but does no damage.
The scorpion attacks as you move away!
The scorpion stings you but does no damage.
The scorpion attacks as you move away!
The scorpion stings you but does no damage. x2
The scorpion attacks as you move away! The scorpion stings you.
* * * LOW HITPOINT WARNING * * *
The scorpion attacks as you move away!
The scorpion stings you but does no damage.
The howler monkey hoots and howls with incredible vigour!
You hear a shout!
Something shouts, "Flee, thou reeling-ripe wibble-sucking gonus!"
You hear an angry hiss.
You hear a shout!
The scorpion attacks as you move away! The scorpion barely misses you.
The scorpion stings you but does no damage.
Okay, then.
The scorpion attacks as you move away! The scorpion barely misses you.
The scorpion attacks as you move away! The scorpion barely misses you.
Okay, then.
The scorpion attacks as you move away! The scorpion barely misses you.
The howler monkey hoots and howls with incredible vigour!
You hear a shout! x3; You hear an angry hiss.
You hear a shout!
As you read the scroll of teleportation, it crumbles to dust.
You feel strangely unstable. The scorpion stings you.
* * * LOW HITPOINT WARNING * * *
The scorpion attacks as you move away! The scorpion stings you.
* * * LOW HITPOINT WARNING * * *
The scorpion stings you but does no damage.
An ice beast comes into view.
An adder comes into view.
Your surroundings suddenly seem different.
A centaur comes into view.
Found a scroll of amnesia and a book of Misfortune.
The centaur shouts!
The centaur wields a +0 shortbow.
The centaur shoots an arrow.
You block the arrow.
The centaur shoots an arrow.
The arrow hits you.
You die...

###...##
#......#
#......#
#...c..#
#......#
#......#
#......#
#..@...#
+......#
#....?.#
##...###
#...#
#...#
#.:.#
#...#
#...#


You could see a centaur.

Vanquished Creatures
  3 bullfrogs
  2 hounds (D:6)
  2 orc priests
  2 jellies (D:6)
  Jessica (D:2)
  An orc wizard (D:6)
  A gnoll (D:1)
  5 adders
  2 ufetubi
  A worm (D:2)
  2 dart slugs
  12 orcs
  3 ball pythons
  3 endoplasms
  4 giant cockroaches
  4 goblins
  2 hobgoblins
  7 jackals
  3 quokkas
  3 bats
  3 frilled lizards
  6 kobolds
  3 rats (D:1)
75 creatures vanquished.

Vanquished Creatures (others)
  A kobold brigand (D:6)
  A scorpion (D:6)
  A jelly (D:6)
  An iguana (D:6)
  An adder (D:6)
5 creatures vanquished.

Grand Total: 80 creatures vanquished

Notes
Turn   | Place    | Note
-------+----------+-------------------------------------------
     0 | D:1      | snonkTrekker the Gargoyle Fighter began the quest for the
                  | Orb.
     0 | D:1      | Reached XP level 1. HP: 14/14 MP: 1/1
   129 | D:1      | Reached XP level 2. HP: 8/19 MP: 2/2
   732 | D:1      | Reached XP level 3. HP: 22/23 MP: 3/3
  1035 | D:1      | Found a faded altar of an unknown god.
  1778 | D:2      | Found a blossoming altar of Fedhas.
  1901 | D:2      | Reached XP level 4. HP: 29/29 MP: 4/4
  1914 | D:2      | Noticed Jessica
  1921 | D:2      | Killed Jessica
  2548 | D:3      | Found a snail-covered altar of Cheibriados.
  2655 | D:3      | Reached XP level 5. HP: 29/33 MP: 5/5
  3339 | D:3      | Gained mutation: Your flesh is cold resistant. (rC+)
                  | [potion of mutation]
  3538 | D:4      | Found Kakim's Jewellery Shop.
  3652 | D:4      | You fall into a shaft and drop 3 floors!
  3830 | D:6      | Killed a kobold brigand
  3838 | D:6      | Reached XP level 6. HP: 27/38 MP: 6/6
  4294 | D:6      | Noticed an orc warrior
  4327 | D:5      | Entered Level 5 of the Dungeon
  4334 | D:5      | Noticed a black bear
  4335 | D:5      | Reached XP level 7. HP: 21/44 MP: 7/7
  4418 | D:5      | Shot with an arrow by a centaur

Illustrated notes

Levels and vault maps discovered:
D:1:      co_arrival_square_in_a_square_in_a_square, layout_loops_corners,
          ebering_ecumenical_altar_petrified
D:2:      layout_loops_ring, basic_altar, uniq_jessica
D:3:      layout_basic, overflow_temple_1_default, hangedman_decor_push
D:4:      layout_rooms, general_overflow_altar, lemuel_doored_altar,
          serial_shops, shop
D:5:      layout_basic, minmay_temple_entry_stoned_glass
D:6:      layout_rooms, nicolae_qazlal_style_of_elements, xom_confusion_cloud,
          uniq_blork_the_orc
D:7:      layout_basic, okawaru_gym_becter, lemuel_flame_loot_1

Skill      XL: |  1  2  3  4  5  6 |
---------------+-------------------+-----
Long Blades    | 2 3 4 |  4.5
Armour         | 4 |  4.8
Shields        | 4 |  4.8
Fighting       | 4 |  4.8

Action                   |  1- 3 |  4- 6 |  7- 9 || total
-------------------------+-------+-------+-------++-------
Melee: Long sword        |   131 |   240 |    14 ||   385
  Use: Scroll            |     3 |     4 |     4 ||    11
       Potion            |       |     8 |       ||     8
Armor: Scale mail        |    35 |       |       ||    35
       Chain mail        |    37 |   179 |    38 ||   254
Dodge: Dodged            |    67 |   109 |    22 ||   198
Block: Buckler           |    38 |    58 |    13 ||   109
